 Dungeon Crawl Stone Soup version 0.15-a0-155-g2613b33 (webtiles) character file.

214 PolkaDot the Ruinous (level 4, -2/30 HPs)
             Began as a Vampire Conjurer on Apr 16, 2014.
             Slain by Menkaure (25 damage)
             ... while paralysed by a potion of paralysis
             ... on Level 4 of the Dungeon.
             The game lasted 00:14:30 (2604 turns).

PolkaDot the Ruinous (Vampire Conjurer)             Turns: 2604, Time: 00:14:31

HP  -2/30        AC  2     Str 12      XL: 4   Next: 70%
MP  16/16        EV  2     Int 18      God:
Gold 98          SH  0     Dex 19      Spells:  2 memorised,  4 levels left

rFire  . . .     SeeInvis +     r - +0 cutlass
rCold  . . .     Clarity  .     a - +0 robe
rNeg   . . .     Conserve .     (no shield)
rPois  .         rCorr    .     (no helmet)
rElec  .         rRot     .     (no cloak)
SustAb . .       Spirit   .     (no gloves)
rMut   .         Warding  .     (no boots)
Saprov . . .     Stasis   .     (no amulet)
MR     .....                    f - +1 ring of evasion
                                e - ring of magical power

@: paralysed, regenerating quickly, mighty, agile, not resistant to hostile
enchantments, very stealthy
A: fangs 3, see invisible, unbreathing
a: no special abilities


You were on level 4 of the Dungeon.
You were very full.

You visited 1 branch of the dungeon, and saw 4 of its levels.

You collected 98 gold pieces.

Inventory:

Hand weapons
 r - a +0,+0 cutlass (weapon)
Armour
 a - a +0 robe (worn)
Scrolls
 b - 4 scrolls of identify {unknown}
 g - 2 scrolls of blinking {unknown}
 h - 2 scrolls of fear {unknown}
 j - a scroll of noise {unknown}
 k - a scroll of teleportation {unknown}
 l - a scroll of amnesia {unknown}
 p - a scroll of enchant weapon II {unknown}
 q - 2 scrolls of remove curse {unknown}
Jewellery
 e - a ring of magical power (left hand)
 f - a +1 ring of evasion (right hand)
Potions
 d - a potion of might
 i - 2 potions of curing
 m - a potion of agility
Books
 c - a book of Conjurations

   Spells                             Type                      Level
   *Magic Dart                        Conjuration                  1
   *Searing Ray                       Conjuration                  2
   Dazzling Spray                     Conjuration/Hexes            3
   Fulminant Prism                    Conjuration/Hexes            4
   Iskenderun's Mystic Blast          Conjuration                  4
   Iskenderun's Battlesphere          Conjuration/Charms           5


   Skills:
 + Level 1.2 Short Blades
 - Level 2.1 Dodging
 - Level 3.0 Stealth
 - Level 2.0 Spellcasting
 * Level 4.5 Conjurations


You had 4 spell levels left.
You knew the following spells:

 Your Spells              Type           Power        Failure   Level  Hunger
a - Magic Dart            Conj           ###.         2%          1    #......
s - Searing Ray           Conj           ###...       4%          2    ##.....


Dungeon Overview and Level Annotations

Branches:
Dungeon (4/15)
 Temple: D:4-7

Altars:
Yredelemnul

Annotations:
D:4 Menkaure


Innate Abilities, Weirdness & Mutations

Your natural rate of healing is unusually fast.
You have razor-sharp teeth.*
You have supernaturally acute eyesight.
You can survive without breathing.*


Message History

Menkaure comes into view.
Menkaure shouts!
Menkaure gestures at you while chanting.
You barely resist.
An iguana comes into view.
Drink which item? (? for menu, Esc to quit)
You feel very mighty all of a sudden.
It was a potion of might.
The iguana hisses angrily.
Drink which item? (? for menu, Esc to quit)
You feel better.
It was a potion of curing.
Drink which item? (? for menu, Esc to quit)
You feel agile all of a sudden.
It was a potion of agility.
Drink which item? (? for menu, Esc to quit)
You suddenly lose the ability to move!
It was a potion of paralysis.
Menkaure hits you! Menkaure hits you!
Ouch! That really hurt!
You die...

... .........
..........
..........
#..........
#..........
#..........
#...........
#..@Ml......
#....[......
#.>.........
#............
#............
#............
#.............
#.............
#.............


You could see Menkaure and an iguana.

Vanquished Creatures
  5 adders
  A worm (D:3)
  3 giant geckos
  3 oozes
  5 orcs (D:3)
  3 bats
  6 giant cockroaches
  3 goblins
  4 hobgoblins
  2 jackals (D:3)
  A ball python (D:1)
  7 giant newts
  8 kobolds
  9 rats
  A spectral orc (D:3)
61 creatures vanquished.

Notes
Turn   | Place    | Note
--------------------------------------------------------------
     0 | D:1      | PolkaDot, the Vampire Conjurer, began the quest for the Orb.
     0 | D:1      | Reached XP level 1. HP: 13/13 MP: 3/3
   452 | D:1      | Reached XP level 2. HP: 19/19 MP: 4/4
   552 | D:1      | Learned a level 2 spell: Searing Ray
  1209 | D:2      | Reached XP level 3. HP: 24/24 MP: 6/6
  1452 | D:2      | Reached skill level 4 in Conjurations
  1876 | D:3      | Reached XP level 4. HP: 30/30 MP: 7/7
  2409 | D:3      | Reached skill level 1 in Short Blades
  2507 | D:3      | Found a basalt altar of Yredelemnul.
  2596 | D:4      | Noticed Menkaure
  2602 | D:4      | Paralysed by a potion of paralysis for 4 turns
  2604 | D:4      | Slain by Menkaure

Action                   |  1- 3 |  4- 6 || total
-------------------------+-------+-------++-------
Melee: Unarmed           |     6 |       ||     6
       Dagger            |     6 |       ||     6
       Short sword       |     4 |    17 ||    21
       Cutlass           |       |    18 ||    18
 Cast: Magic Dart        |    45 |     6 ||    51
       Searing Ray       |    10 |    10 ||    20
  Use: Potion            |     1 |     4 ||     5
 Stab: Sleeping          |     1 |     3 ||     4
       Distracted        |       |     1 ||     1
